 Dungeon Crawl Stone Soup version 0.25-a0-949-gdd2af9e06e (webtiles) character file.

Game seed: 18226675807813576796, levelgen mode: deterministic

2928 Flugslaktarn the Cleaver (level 10, -8/77 HPs)
             Began as a Formicid Fighter on May 8, 2020.
             Was an Elder of Okawaru.
             Mangled by an orc warrior
             ... wielding a +0 mace
              (13 damage)
             ... on level 7 of the Dungeon.
             The game lasted 00:03:46 (5801 turns).

Flugslaktarn the Cleaver (Formicid Fighter)         Turns: 5801, Time: 00:03:46

Health: -8/77      AC: 12    Str: 22    XL:     10   Next: 7%
Magic:  12/14      EV:  9    Int:  9    God:    Okawaru [****..]
Gold:   325        SH: 13    Dex: 11    Spells: 9/9 levels left

rFire    . . .     SeeInvis +   a - +0 war axe
rCold    . . .     Gourm    .   c - +0 kite shield
rNeg     . . .     Faith    .   m - +0 plate armour
rPois    +         Spirit   .   (helmet unavailable)
rElec    .         Reflect  .   g - +1 cloak
rCorr    .         Harm     +   (no gloves)
MR       +....                  (no boots)
Stlth    ..........             w - amulet of harm
HPRegen  0.22/turn              p - +3 ring of protection
MPRegen  0.14/turn              o - ring of poison resistance

@: heroism, corroded
A: permanent stasis, dig shafts and tunnels, four strong arms, antennae 3
a: Dig, Shaft Self, Heroism, Renounce Religion


You were on level 7 of the Dungeon.
You worshipped Okawaru.
Okawaru was greatly pleased with you.
You were not hungry.

You visited 1 branch of the dungeon, and saw 7 of its levels.

You collected 325 gold pieces.

Inventory:

Hand Weapons
 a - a +0 war axe (weapon)
 b - a +2 hand axe of flaming
   (You took it off an orc on level 6 of the Dungeon)
Armour
 c - a +0 kite shield (worn)
 g - a +1 cloak (worn)
   (You found it on level 2 of the Dungeon)
 m - a +0 plate armour (worn)
   (You found it on level 1 of the Dungeon)
Jewellery
 k - an uncursed ring of resist corrosion
   (You found it on level 5 of the Dungeon)
 o - a ring of poison resistance (right hand)
   (You found it on level 4 of the Dungeon)
 p - a +3 ring of protection (left hand)
   (You found it on level 4 of the Dungeon)
 w - an amulet of harm (around neck)
   (You found it on level 2 of the Dungeon)
Wands
 l - a wand of enslavement (7)
   (You found it on level 2 of the Dungeon)
 z - a wand of scattershot (5)
   (You found it on level 5 of the Dungeon)
 C - a wand of acid (5)
   (You found it on level 7 of the Dungeon)
Scrolls
 f - 7 scrolls of teleportation {unknown}
 h - 3 scrolls of enchant weapon {unknown}
 j - 7 scrolls of identify {unknown}
 r - a scroll of random uselessness {unknown}
 t - a scroll of amnesia {unknown}
 u - 3 scrolls of enchant armour {unknown}
 v - 2 scrolls of remove curse {unknown}
 D - 3 scrolls of fog {unknown}
 E - 2 scrolls of fear {unknown}
Potions
 d - 2 potions of might
 i - a potion of degeneration {unknown}
 n - 3 potions of lignification
 q - a potion of curing
 s - a potion of mutation {unknown}
 x - 2 potions of cancellation {unknown}
 y - 3 potions of haste {unknown}
 A - a potion of magic {unknown}
 B - 2 potions of stabbing
 F - a potion of brilliance {unknown}
 G - 2 potions of heal wounds {unknown}
Comestibles
 e - 8 rations


   Skills:
 + Level 6.8(11.8) Fighting
 * Level 8.1(13.1) Axes
 + Level 6.8(11.8) Armour
 + Level 7.4(12.4) Shields
 + Level 5.7 Invocations


You had 9 spell levels left.
You didn't know any spells.
Your spell library was empty.

Dungeon Overview and Level Annotations

Branches:
Dungeon (7/15)             Temple (0/1) D:5

Altars:
Cheibriados
Nemelex Xobeh
Okawaru
Sif Muna
Wu Jian
Xom
Zin
The Shining One

Shops:
D:4 (


Innate Abilities, Weirdness & Mutations

You cannot be hasted, slowed, berserked, paralysed or teleported.
You can dig through walls and to a lower floor.
Your four strong arms can wield two-handed weapons with a shield.
You have a pair of large antennae on your head. (SInv)


Message History

There are monsters nearby!
There are monsters nearby!
You are too injured to fight recklessly!
You are too injured to fight recklessly!
An orc comes into view. It is wielding a +0 dagger.
You gain the combat prowess of a mighty hero.
You block the orc warrior's attack.
You hit the orc warrior.
The orc warrior is moderately wounded.
You block the orc warrior's attack.
You hit the orc warrior.
The orc warrior is heavily wounded.
You closely miss the orc warrior.
The orc warrior is heavily wounded.
The orc warrior hits you with a +0 mace!
* * * LOW HITPOINT WARNING * * *
You hit the orc warrior.
The orc warrior is heavily wounded.
The orc warrior hits you with a +0 mace!
You die...

### # ..# ###### #.####
######.######..... {./...
... #.#.......... ...
..#.#.#..........
#.###)###.#.#.#..........
#....ooo@...#.#..........
#####.###.###.#........#.
.......................
####.#....#.#.........#
#.#.)..#.#..........
#.#....#.#..........
#..#.....#..........
#........#.......>..
#...<#...##.######..


You could see an orc warrior and 2 orcs.

Vanquished Creatures
  Pikel (D:5)
  Sigmund (D:4)
  Eustachio (D:5)
  A water moccasin (D:7)
  Duvessa (D:5)
  2 orc warriors
  A sky beast (D:7)
  3 slaves
  A phantom (D:4)
  2 ogres
  A centaur (D:6)
  A water moccasin zombie (D:6)
  Dowan (D:5)
  2 scorpions
  5 wights (D:7)
  3 howler monkeys
  2 crimson imps
  A jelly (D:7)
  2 orc priests (D:7)
  2 hounds
  A bullfrog skeleton (D:5)
  4 orc wizards
  Natasha (thrice) (D:4)
  2 iguanas
  5 worker ants
  6 adders
  4 adder zombies
  2 adder skeletons (D:5)
  A worm (D:2)
  2 dart slugs
  4 leopard geckos
  25 orcs
  6 giant cockroaches
  3 goblins
  7 hobgoblins
  10 jackals
  2 quokkas
  A ball python (D:5)
  3 bats
  4 frilled lizards
  2 giant cockroach zombies
  6 kobolds
  A leopard gecko skeleton (D:5)
  A quokka zombie (D:6)
  6 rats
145 creatures vanquished.

Vanquished Creatures (others)
  A slave (D:5)
1 creature vanquished.

Grand Total: 146 creatures vanquished

Notes
Turn   | Place    | Note
-------+----------+-------------------------------------------
     0 | D:1      | Flugslaktarn the Formicid Fighter began the quest for the
                  | Orb.
     0 | D:1      | Reached XP level 1. HP: 18/18 MP: 1/1
   120 | D:1      | Reached XP level 2. HP: 24/24 MP: 2/2
   780 | D:2      | Found a shimmering blue altar of Sif Muna.
   836 | D:2      | Reached XP level 3. HP: 29/29 MP: 3/3
   915 | D:2      | Found a glowing golden altar of the Shining One.
  1329 | D:2      | Reached skill level 3 in Axes
  1329 | D:2      | Reached XP level 4. HP: 30/37 MP: 4/4
  1745 | D:3      | Reached XP level 5. HP: 41/42 MP: 5/5
  1754 | D:3      | Found a sparkling altar of Nemelex Xobeh.
  1807 | D:3      | Found an iron altar of Okawaru.
  1812 | D:3      | Noticed an ogre
  1823 | D:3      | Killed an ogre
  1836 | D:3      | Became a worshipper of Warmaster Okawaru
  2206 | D:3      | Reached XP level 6. HP: 48/48 MP: 6/6
  2380 | D:4      | Noticed Sigmund
  2389 | D:4      | Killed Sigmund
  2389 | D:4      | Reached skill level 4 in Axes
  2389 | D:4      | Reached skill level 1 in Invocations
  2478 | D:4      | Noticed a phantom
  2558 | D:4      | Killed a phantom
  2558 | D:4      | Reached * piety under Okawaru
  2558 | D:4      | Reached skill level 5 in Shields
  2558 | D:4      | Reached XP level 7. HP: 55/55 MP: 8/8
  2684 | D:4      | Noticed Natasha
  2685 | D:4      | Found Gice Ata's Weapon Emporium.
  2688 | D:4      | Killed Natasha
  2727 | D:4      | Noticed Natasha
  2733 | D:4      | Killed Natasha
  2760 | D:4      | Found a snail-covered altar of Cheibriados.
  2876 | D:4      | Noticed Natasha
  2892 | D:4      | Killed Natasha
  2892 | D:4      | Reached skill level 5 in Axes
  3060 | D:5      | Entered Level 5 of the Dungeon
  3061 | D:5      | Noticed Pikel
  3067 | D:5      | Noticed Eustachio
  3356 | D:5      | Killed Pikel
  3356 | D:5      | Reached ** piety under Okawaru
  3356 | D:5      | Reached skill level 5 in Fighting
  3356 | D:5      | Reached skill level 5 in Armour
  3356 | D:5      | Reached XP level 8. HP: 40/63 MP: 8/10
  3358 | D:5      | Reached skill level 6 in Axes
  3389 | D:5      | Killed Eustachio
  3562 | D:5      | Found a staircase to the Ecumenical Temple.
  3586 | D:5      | Reached *** piety under Okawaru
  3586 | D:5      | Reached XP level 9. HP: 26/69 MP: 12/12
  3861 | D:5      | Noticed Duvessa
  3863 | D:5      | Noticed Dowan
  3875 | D:5      | Killed Dowan
  3887 | D:5      | Killed Duvessa
  3905 | D:5      | HP: 5/103 [poisoned by Duvessa]
  4241 | D:5      | Reached skill level 7 in Axes
  4529 | D:6      | Found an ornate altar of the Wu Jian Council.
  4637 | D:6      | Found a glowing silver altar of Zin.
  4638 | D:6      | Found a shimmering altar of Xom.
  4851 | D:6      | Reached skill level 5 in Invocations
  5401 | D:7      | Reached **** piety under Okawaru
  5670 | D:7      | Reached XP level 10. HP: 73/77 MP: 14/14
  5697 | D:7      | Reached skill level 8 in Axes
  5801 | D:7      | Mangled by an orc warrior

Levels and vault maps discovered:
D:1:      saegor_arrival_fortress, layout_basic
D:2:      layout_rooms, overflow_temple_1_default, overflow_temple_1_default,
          first_ration, minmay_increasing_density
D:3:      layout_rooms, okawaru_gym_becter, nemelex_xobeh_ov_fountains_minmay
D:4:      layout_cave_pools, lemuel_round_altar, serial_shops, shop,
          uniq_natasha, uniq_sigmund
D:5:      layout_rooms, minmay_temple_entry_arrows, uniq_eustachio,
          uniq_duvessa, uniq_pikel
D:6:      layout_loops_cross, minitemple
D:7:      layout_basic

Skill      XL: |  1  2  3  4  5  6  7  8  9 10 |
---------------+-------------------------------+-----
Shields        | 4 5 6 7 |  7.4
Axes           | 3 4 5 6 7 8 |  8.1
Fighting       | 4 5 6 |  6.8
Armour         | 4 5 6 |  6.8
Invocations    | 1 3 4 5 |  5.7

Action                   |  1- 3 |  4- 6 |  7- 9 | 10-12 || total
-------------------------+-------+-------+-------+-------++-------
Melee: War axe           |    94 |   117 |   366 |    23 ||   600
Invok: Heroism           |       |       |     1 |     1 ||     2
Evoke: Wand              |       |       |     1 |       ||     1
  Use: Potion            |       |       |     5 |       ||     5
  Eat: Chunk             |     1 |     5 |     3 |     1 ||    10
       Ration            |       |       |     2 |       ||     2
Armor: Scale mail        |    22 |       |       |       ||    22
       Plate armour      |    34 |    75 |   224 |     4 ||   337
       Skin              |       |       |    20 |       ||    20
Dodge: Dodged            |    13 |    19 |    90 |     3 ||   125
Block: Kite shield       |    49 |    59 |   248 |     7 ||   363

Table legend:
 A = Non-vault XP
 B = Vault XP
 C = Vault XP percentage of total XP
 D = Non-vault monster count
 E = Vault monster count
 F = Vault count percentage of total count
                 A         B        C        D         E       F
            +---------+---------+-------+---------+---------+-------
      Total |    2771 |    1412 |  33.8 |     125 |      17 |  12.0
            +---------+---------+-------+---------+---------+-------
        D:1 |      16 |       7 |  30.4 |      10 |       2 |  16.7
        D:2 |      24 |      29 |  54.7 |       5 |       9 |  64.3
        D:3 |     200 |       0 |   0.0 |      26 |       0 |   0.0
        D:4 |     376 |     267 |  41.5 |      12 |       2 |  14.3
        D:5 |     528 |    1109 |  67.7 |      18 |       4 |  18.2
        D:6 |     649 |       0 |   0.0 |      35 |       0 |   0.0
        D:7 |     978 |       0 |   0.0 |      19 |       0 |   0.0
            +---------+---------+-------+---------+---------+-------
